[Event "FIDE Open Sachove Univerzity QCC"]
[Site "Ceske Budejovice"]
[Date "2020.07.10"]
[Round "9.3"]
[White "Svetly, Jiri"]
[Black "Valtr, Filip"]
[Result "1/2-1/2"]
[ECO "D56"]
[WhiteElo "1835"]
[BlackElo "1784"]
[Annotator "NA RC"]
[PlyCount "99"]
[EventDate "2020.07.01"]
[EventType "swiss"]
[EventCountry "CZE"]
[TimeControl "40/5400+30:1800+30"]

1. d4 Nf6 2. c4 e6 3. Nc3 d5 4. Bg5 Be7 5. e3 h6 6. Bh4 O-O 7. Nf3 a6 8. Rc1 dxc4 9. Bxc4 b5 10. Bd3 Bb7 11. O-O Nbd7 12. a3 c5 13. Bb1 b4 14. axb4 cxb4 15. Na4 Rc8 16. Qd2 Qa5 17. b3 g5 18. Bg3 Qd5 19. Qd3 Bc6 20. Rfe1 Bb5 21. e4 Qb7 22. Qd2 Rxc1 23. Qxc1 Rc8 24. Qd2 Bxa4 25. bxa4 Nf8 26. Be5 b3 27. Bxf6 Bxf6 28. Qb2 Qb4 29. Ba2 Rc3 30. Rb1 Bxd4 31. Nxd4 Qxd4 32. Bxb3 Rd3 33. Qxd4 Rxd4 34. Bc2 Rc4 35. Rb2 Nd7 36. f3 Nc5 37. Ra2 Rd4 38. Kf1 Rd2 39. h3 Nxa4 40. Rxa4 Rxc2 41. Rxa6 Kg7 42. Ra3 Kf6 43. Re3 Ke5 44. Re2 Rc1+ 45. Kf2 h5 46. g3 h4 47. Ra2 Kf6 48. Rb2 Rc5 49. Ra2 Ke5 50. Re2 1/2-1/2

[Event "FIDE Open Sachove Univerzity QCC"]
[Site "Ceske Budejovice"]
[Date "2020.07.09"]
[Round "9.4"]
[White "Svanda, Adam"]
[Black "Sobotka, Radim"]
[Result "1/2-1/2"]
[ECO "A22"]
[WhiteElo "1870"]
[BlackElo "1764"]
[Annotator "NA RC"]
[PlyCount "94"]
[EventDate "2020.07.01"]
[EventType "swiss"]
[EventCountry "CZE"]
[SourceTitle "playchess.com"]
[Source "ChessBase"]
[SourceQuality "1"]
[TimeControl "40/5400+30:1800+30"]

1. c4 e5 2. Nc3 Bb4 3. Nf3 Bxc3 4. bxc3 d6 5. g3 Nf6 6. Bg2 O-O 7. O-O Nbd7 {[%emt 0:03:20] A22: English Opening: 1...e5 2 Nc3 Nf6.} 8. a4 a5 9. Ba3 {[%emt 0:01:44] [#]} c5 $146 ({Predecessor:} 9... Re8 10. d3 e4 11. Nd4 exd3 12. exd3 Ne5 13. c5 d5 14. h3 Nc6 15. Qb3 Nxd4 16. cxd4 {1-0 (30) Sequeda Ramirez,P (2128)-Perdomo Araujo,A (2048) San Carlos 2014}) 10. Qc2 Rb8 11. d4 Qc7 12. Rab1 b6 13. d5 (13. Rfe1 $11) 13... h6 14. e4 Nh7 15. Bc1 Ndf6 16. Nh4 g5 17. Nf5 Bxf5 18. exf5 Nd7 19. Qe2 Ndf6 20. h4 Qd7 21. Qc2 Ne8 22. hxg5 hxg5 23. f4 gxf4 24. gxf4 f6 25. Rf3 Kf7 26. Be3 Ke7 27. Kf2 Kd8 28. Rh1 Rf7 29. Rfh3 exf4 30. Bxf4 Ng5 31. Rg3 Nh7 32. Bf3 Kc7 33. Bh5 Re7 34. Bh6 Ng7 35. Bxg7 Rxg7 36. Bg6 Ng5 37. Rxg5 fxg5 38. f6 Rf8 39. f7 Rfxf7+ 40. Bxf7 Qxf7+ 41. Kg2 g4 42. Qe4 Qf6 43. Qe8 {[%emt 0:00:00] [#]} Qf3+ $2 ({Black should try} 43... Rf7 $1 $19 44. Qe3 Kb7) 44. Kg1 Rd7 45. Rh8 Qd1+ 46. Kg2 $1 Qc2+ 47. Kg1 Qd1+ $11 1/2-1/2

[Event "FIDE Open Sachove Univerzity QCC"]
[Site "Ceske Budejovice"]
[Date "2020.07.09"]
[Round "9.5"]
[White "Rychlik, Zdenek"]
[Black "Simacek, Vaclav"]
[Result "1/2-1/2"]
[ECO "B01"]
[WhiteElo "1701"]
[BlackElo "1816"]
[Annotator "NA"]
[PlyCount "121"]
[EventDate "2020.07.01"]
[EventType "swiss"]
[EventCountry "CZE"]
[SourceTitle "playchess.com"]
[Source "ChessBase"]
[SourceQuality "1"]
[TimeControl "40/5400+30:1800+30"]

1. e4 Nc6 2. d4 d5 3. exd5 Qxd5 4. Nf3 Bg4 5. Be2 Nf6 6. Nc3 Qh5 {[%emt 0:00:46] B01: Scandinavian Defence.} 7. Be3 O-O-O 8. Ng5 Bxe2 9. Qxe2 Qg6 {[%emt 0:02:27] [#]} 10. Qc4 $146 ({Predecessor:} 10. O-O e6 11. Nf3 Bd6 12. Nb5 Nd5 13. c4 Nxe3 14. fxe3 Qh5 15. Qf2 a6 16. Nxd6+ Rxd6 {1-0 (27) Fruteau,S (2185)-Brebion,C Massy 1993}) 10... e6 11. O-O h6 12. Nf3 Nd5 13. Nxd5 Rxd5 14. a3 (14. Rfb1 $11) 14... Be7 15. Qa4 Ra5 16. Qc4 Rf5 17. Qe2 h5 18. c4 h4 19. h3 Qh5 20. Rfe1 g5 21. Nh2 Qxe2 22. Rxe2 Rd8 23. Rd1 Bf6 24. Nf3 e5 25. d5 e4 26. Nd4 Nxd4 27. Bxd4 Bxd4 28. Rxd4 c6 29. d6 c5 30. Rdxe4 Rxd6 31. Re5 Rd1+ 32. Kh2 Rxe5 33. Rxe5 f6 34. Rxc5+ Kd7 35. Rb5 b6 36. a4 Rd2 37. Kg1 Rc2 38. b3 Rc1+ 39. Kh2 Ke6 40. a5 bxa5 41. Rxa5 Rb1 42. Rb5 a5 43. g3 hxg3+ 44. Kxg3 Rc1 45. Rxa5 Rc3+ 46. f3 Rxb3 47. Rc5 Rd3 48. Rc8 Rd4 49. Re8+ Kf5 50. Rc8 Kg6 51. Rg8+ Kf7 52. Rc8 Ke7 53. Rc5 Rf4 54. Rc8 Rf5 55. Kg4 Rf4+ 56. Kg3 Kd7 57. Rc5 Kd6 58. Rc8 Ke5 59. Rc7 Kd4 60. Rc8 $11 Ke3 61. Re8+ 1/2-1/2

[Event "FIDE Open Sachove Univerzity QCC"]
[Site "Ceske Budejovice"]
[Date "2020.07.09"]
[Round "9.5"]
[White "Berkovec, Jakub"]
[Black "Vojtek, Pavel"]
[Result "0-1"]
[ECO "C01"]
[WhiteElo "1224"]
[BlackElo "1292"]
[Annotator "NA"]
[PlyCount "66"]
[EventDate "2020.07.01"]
[EventType "swiss"]
[EventCountry "CZE"]
[SourceTitle "playchess.com"]
[Source "ChessBase"]
[SourceQuality "1"]
[TimeControl "40/5400+30:1800+30"]

1. e4 e6 2. d4 d5 3. exd5 exd5 4. Nc3 Nf6 5. Bd3 c6 6. Nge2 Be7 7. Be3 O-O 8. Qd2 Nbd7 9. O-O-O b5 10. f3 Qb6 11. g4 a5 12. Ng3 a4 13. h4 b4 14. Nce2 b3 15. a3 Ba6 16. Bxa6 Rxa6 17. c3 Rb8 18. Kb1 Ne8 19. Bf4 Rb7 20. h5 Nd6 21. Bxd6 Bxd6 22. Nf5 Bf8 23. Ne3 Nf6 24. Nf5 Ne8 25. Rh3 Nc7 26. Rdh1 Nb5 27. Ne3 Nxa3+ 28. bxa3 Bxa3 29. Ka1 b2+ 30. Kb1 Bf8 31. Nc2 Qb3 32. Nb4 Bxb4 33. cxb4 a3 0-1

[Event "FIDE Open Sachove Univerzity QCC"]
[Site "Ceske Budejovice"]
[Date "2020.07.09"]
[Round "9.6"]
[White "Zelbova, Lada"]
[Black "Dusanek, Michal"]
[Result "1-0"]
[ECO "D03"]
[WhiteElo "1637"]
[BlackElo "1500"]
[Annotator "NA"]
[PlyCount "85"]
[EventDate "2020.07.01"]
[EventType "swiss"]
[EventCountry "CZE"]
[SourceTitle "playchess.com"]
[Source "ChessBase"]
[SourceQuality "1"]
[TimeControl "40/5400+30:1800+30"]

1. d4 Nf6 2. Nf3 g6 3. Bg5 Bg7 4. Nbd2 d5 5. e3 Nbd7 6. Bd3 b6 7. a4 c5 8. c3 Bb7 9. Bf4 O-O 10. O-O h6 11. Ne5 Rc8 12. a5 c4 13. Bc2 b5 14. Qe2 Nh5 15. Ndf3 Nxf4 16. exf4 e6 17. Nxd7 Qxd7 18. Ne5 Qe7 19. Qg4 Rc7 20. Rfe1 b4 21. h4 h5 22. Qh3 Bc8 23. g4 Bxe5 24. fxe5 f5 25. gxh5 gxh5 26. Kh1 Kh7 27. Rg1 Qe8 28. Rg5 Rg8 29. Rag1 Rcg7 30. Bd1 Rxg5 31. Rxg5 Rxg5 32. hxg5 b3 33. Bxh5 Qf8 34. Be8+ Kg8 35. Qh5 Qg7 36. Kg2 Bd7 37. Bg6 Qh8 38. Bf7+ Kg7 39. Qg6+ Kf8 40. Bxe6 Bxe6 41. Qxe6 Qh4 42. Qxf5+ Kg7 43. g6 1-0

[Event "FIDE Open Sachove Univerzity QCC"]
[Site "Ceske Budejovice"]
[Date "2020.07.09"]
[Round "9.7"]
[White "Veverka, Vladimir"]
[Black "Zachar, Jaroslav"]
[Result "0-1"]
[ECO "A84"]
[WhiteElo "1644"]
[BlackElo "1831"]
[Annotator "NA RC"]
[PlyCount "94"]
[EventDate "2020.07.01"]
[EventType "swiss"]
[EventCountry "CZE"]
[SourceTitle "playchess.com"]
[Source "ChessBase"]
[SourceQuality "1"]
[TimeControl "40/5400+30:1800+30"]

1. d4 d5 2. c4 e6 3. Nc3 f5 4. Bf4 c6 5. e3 Nf6 6. Nf3 Be7 7. Be2 O-O 8. O-O Nbd7 {[%emt 0:00:45] A84: Dutch Defence: 2 c4 Miscellaneous.} 9. Qc2 Ne4 10. Nxe4 fxe4 11. Ne5 {[%emt 0:01:24] [#]} Nf6 $146 ({Predecessor:} 11... Nxe5 $14 12. Bxe5 Bd6 13. Bxd6 Qxd6 14. f3 exf3 15. Bxf3 b6 16. Rac1 Ba6 17. Be2 Bb7 {½-½ (42) Hetzer,V (1949)-Wasylkiewicz,A (1816) Polanica Zdroj 2018}) 12. Ng4 (12. f3 $16) 12... Ne8 13. c5 h5 14. Ne5 g5 15. Ng6 gxf4 16. Nxf8 Bxf8 17. Bxh5 Ng7 18. Be2 Nf5 19. g4 fxg3 20. hxg3 Qg5 21. Kg2 Bh6 22. Qb3 Qg7 23. Rg1 Rb8 24. Rac1 e5 25. dxe5 Qxe5 26. Qc3 Qe6 27. Rh1 Bg7 28. Qa5 Qe8 29. Qxa7 Be6 30. Qa3 d4 31. exd4 Nxd4 32. Qe3 Nxe2 33. Qxe2 Bxa2 34. Qh5 Qxh5 35. Rxh5 Bd5 36. b4 Rf8 37. Kg1 Bd4 38. Rc2 Rf3 39. Rg5+ Kf7 40. b5 e3 41. Rxd5 cxd5 42. fxe3 Rxg3+ 43. Kh1 Bxe3 44. c6 bxc6 45. Rxc6 Rg1+ 46. Kh2 Rb1 47. Rc7+ Ke6 $19 0-1

[Event "FIDE Open Sachove Univerzity QCC"]
[Site "Ceske Budejovice"]
[Date "2020.07.10"]
[Round "9.8"]
[White "Tajovsky, Simon"]
[Black "Berka, Lubos"]
[Result "1/2-1/2"]
[ECO "A41"]
[WhiteElo "1594"]
[BlackElo "1718"]
[Annotator "NA RC"]
[PlyCount "55"]
[EventDate "2020.07.01"]
[EventType "swiss"]
[EventCountry "CZE"]
[TimeControl "40/5400+30:1800+30"]

1. d4 d6 2. c4 e5 3. d5 f5 4. Nc3 Nf6 5. Nf3 Be7 6. e3 O-O 7. Be2 c5 8. O-O Nbd7 9. a3 Ng4 10. h3 Nh6 11. b4 b6 12. e4 Nf6 13. Bxh6 gxh6 14. Qc2 f4 15. bxc5 bxc5 16. Nd2 Kh8 17. Kh2 Rg8 18. Bf3 h5 19. Rab1 h6 20. Rb5 h4 21. Rfb1 Qc7 22. Qb2 Ba6 23. Rb3 h5 24. Nb5 Qd7 25. Rd3 Rab8 26. a4 Bc8 27. Rb3 Ba6 28. Rd3 1/2-1/2

[Event "FIDE Open Sachove Univerzity QCC"]
[Site "Ceske Budejovice"]
[Date "2020.07.09"]
[Round "9.8"]
[White "Skalicky, Jindrich"]
[Black "Predota, Vit"]
[Result "1-0"]
[ECO "C60"]
[WhiteElo "1165"]
[BlackElo "1233"]
[Annotator "NA"]
[PlyCount "105"]
[EventDate "2020.07.01"]
[EventType "swiss"]
[EventCountry "CZE"]
[SourceTitle "playchess.com"]
[Source "ChessBase"]
[SourceQuality "1"]
[TimeControl "40/5400+30:1800+30"]

1. e4 e5 2. Nf3 Nc6 3. Bb5 Bd6 4. d4 exd4 5. Nxd4 Nxd4 6. Qxd4 Qf6 7. Qxf6 Nxf6 8. Nc3 a6 9. Bd3 b5 10. O-O O-O 11. Re1 Ng4 12. h3 Ne5 13. a3 b4 14. axb4 Nxd3 15. cxd3 Bxb4 16. Bd2 d6 17. Rad1 f5 18. Nd5 Bxd2 19. Rxd2 c6 20. Nb6 Rb8 21. Nxc8 Rbxc8 22. exf5 Rxf5 23. Re6 Rf6 24. Rde2 d5 25. Re8+ Rxe8 26. Rxe8+ Rf8 27. Rxf8+ Kxf8 28. Kf1 Ke7 29. Ke2 Ke6 30. Ke3 g5 31. f4 gxf4+ 32. Kxf4 c5 33. Ke3 Ke5 34. g3 d4+ 35. Kd2 a5 36. b3 h5 37. Kc2 Kf5 38. Kb2 Kg5 39. Ka3 h4 40. gxh4+ Kxh4 41. Ka4 Kxh3 42. Kb5 Kg4 43. Kxc5 Kf5 44. Kxd4 Ke6 45. Kc4 Ke5 46. Kb5 Kd4 47. Kxa5 Kxd3 48. b4 Kc4 49. b5 Kc5 50. b6 Kc6 51. Ka6 Kd7 52. b7 Kc7 53. Ka7 1-0

[Event "FIDE Open Sachove Univerzity QCC"]
[Site "Ceske Budejovice"]
[Date "2020.07.10"]
[Round "9.9"]
[White "Molnar, Ladislav"]
[Black "Kroulik, Vaclav"]
[Result "1-0"]
[ECO "B21"]
[WhiteElo "1712"]
[BlackElo "1442"]
[Annotator "NA RC"]
[PlyCount "59"]
[EventDate "2020.07.01"]
[EventType "swiss"]
[EventCountry "CZE"]
[TimeControl "40/5400+30:1800+30"]

1. e4 c5 2. f4 e6 3. Nf3 Nf6 4. Nc3 b6 5. e5 Nd5 6. Nxd5 exd5 7. d4 c4 8. Be2 d6 9. O-O Nc6 10. c3 Be7 11. b4 dxe5 12. fxe5 O-O 13. a4 a6 14. Bf4 f6 15. Qd2 Be6 16. Qe3 Qd7 17. exf6 Bxf6 18. Ne5 Nxe5 19. Bxe5 Be7 20. Qg3 g6 21. h4 Rf5 22. Rxf5 Bxf5 23. h5 Rf8 24. hxg6 Bxg6 25. Bg4 Qc6 26. Qh3 Bf6 27. Bd7 Qa8 28. Qe6+ Kg7 29. Qe7+ Rf7 30. Bxf6+ 1-0

[Event "FIDE Open Sachove Univerzity QCC"]
[Site "Ceske Budejovice"]
[Date "2020.07.09"]
[Round "9.9"]
[White "Stavova, Marketa"]
[Black "Zezula, Matej"]
[Result "0-1"]
[ECO "C50"]
[WhiteElo "1219"]
[BlackElo "1125"]
[Annotator "NA"]
[PlyCount "118"]
[EventDate "2020.07.01"]
[EventType "swiss"]
[EventCountry "CZE"]
[SourceTitle "playchess.com"]
[Source "ChessBase"]
[SourceQuality "1"]
[TimeControl "40/5400+30:1800+30"]

1. e4 e5 2. Nf3 Nc6 3. Bc4 Nf6 4. d3 Bc5 5. Nc3 h6 6. Be3 d6 7. d4 exd4 8. Nxd4 Nxd4 9. Bxd4 Bb4 10. O-O Bxc3 11. Bxc3 O-O 12. Qf3 Be6 13. Bd3 Nd7 14. Rad1 Qg5 15. Qg3 f5 16. f4 Qxg3 17. hxg3 Nc5 18. exf5 Bxf5 19. Bc4+ Kh8 20. Rde1 Ne4 21. g4 Nxc3 22. gxf5 Na4 23. Bb5 Nb6 24. g4 c6 25. Bd3 Rae8 26. c4 d5 27. cxd5 Nxd5 28. Rxe8 Rxe8 29. Rf2 Re3 30. Be2 Nxf4 31. Rxf4 Rxe2 32. Rf2 Rxf2 33. Kxf2 Kg8 34. Ke3 Kf7 35. Kf4 Kf6 36. b4 b6 37. a4 a5 38. bxa5 bxa5 39. Ke4 Kg5 40. Ke5 Kxg4 41. f6 gxf6+ 42. Kxf6 h5 43. Ke5 h4 44. Kd6 h3 45. Kxc6 h2 46. Kb5 h1=Q 47. Kxa5 Kf5 48. Ka6 Qa8+ 49. Kb5 Ke6 50. a5 Qb7+ 51. Kc5 Kd7 52. Kc4 Kc6 53. Kc3 Qb5 54. Kc2 Qxa5 55. Kb1 Qd2 56. Ka1 Kb5 57. Kb1 Kb4 58. Ka1 Kb3 59. Kb1 Qb2# 0-1

[Event "FIDE Open Sachove Univerzity QCC"]
[Site "Ceske Budejovice"]
[Date "2020.07.10"]
[Round "9.10"]
[White "Kamleiter, Noah"]
[Black "Macho, Miloslav"]
[Result "0-1"]
[ECO "B06"]
[WhiteElo "1463"]
[BlackElo "1671"]
[Annotator "NA RC"]
[PlyCount "199"]
[EventDate "2020.07.01"]
[EventType "swiss"]
[EventCountry "CZE"]
[TimeControl "40/5400+30:1800+30"]

1. e4 g6 2. d4 Bg7 3. Nf3 d6 4. Nc3 a6 5. a4 Nc6 6. Bc4 e6 7. O-O Nge7 8. Re1 O-O 9. Be3 d5 10. Bf1 dxe4 11. Nxe4 h6 12. Qd2 Nf5 13. c3 Nxe3 14. Qxe3 Ne7 15. Qd2 Bd7 16. Nc5 Bc6 17. Ne5 Qc8 18. Nxc6 Nxc6 19. Bc4 Nd8 20. d5 e5 21. f4 b6 22. Nd3 exf4 23. Nxf4 Nb7 24. Re2 Nd6 25. Bb3 Qd7 26. Rae1 Rae8 27. Qd3 Rxe2 28. Rxe2 a5 29. Bc2 Re8 30. Rxe8+ Qxe8 31. Qe2 Qxe2 32. Nxe2 Nc4 33. b4 Kf8 34. Kf2 Ke7 35. Kf3 Kd6 36. Ke4 f5+ 37. Kd3 Ne5+ 38. Kd2 Kxd5 39. Bb3+ Kd6 40. Nd4 axb4 41. cxb4 Bf6 42. Nb5+ Kc6 43. Nd4+ Kb7 44. b5 Ng4 45. Bd5+ Kc8 46. Be6+ Kd8 47. Nc6+ Ke8 48. h3 Ne5 49. Nxe5 Bxe5 50. Bd5 Ke7 51. Kd3 g5 52. Bf3 Kd6 53. Kc4 Bg3 54. Kd4 Bf2+ 55. Kd3 Kc5 56. Kc3 Be1+ 57. Kb3 Kd4 58. Bh5 Bg3 59. Bf3 Ke3 60. Kc4 Kf2 61. Kb4 g4 62. hxg4 fxg4 63. Bxg4 Kxg2 64. Kb3 Bf2 65. Kc4 Kg3 66. Bh5 Kh4 67. Bf7 h5 68. Kd5 Kg5 69. Kc6 Bg3 70. Kb7 h4 71. Bd5 Bf4 72. Ka6 h3 73. a5 bxa5 74. Kxa5 Be3 75. Ka6 Kf4 76. Kb7 Bb6 77. Kc6 h2 78. Bh1 Kg3 79. Kd5 Kf2 80. Ke4 Kg1 81. Bf3 h1=Q 82. Bxh1 Kxh1 83. Kf3 Kh2 84. Kf4 Kg2 85. Ke4 Kg3 86. Ke5 Kf3 87. Kd5 Kf4 88. Kc4 Ke4 89. Kc3 Kd5 90. Kb4 Kd4 91. Kb3 Kc5 92. Kc3 Kxb5 93. Kb3 c5 94. Kc3 c4 95. Kc2 Kb4 96. Kb2 c3+ 97. Kc2 Kc4 98. Kc1 Kb3 99. Kb1 c2+ 100. Kc1 0-1

[Event "FIDE Open Sachove Univerzity QCC"]
[Site "Ceske Budejovice"]
[Date "2020.07.09"]
[Round "9.11"]
[White "Kanka, Lukas"]
[Black "Finek, Vaclav"]
[Result "1/2-1/2"]
[ECO "B10"]
[WhiteElo "1667"]
[BlackElo "2210"]
[Annotator "ChessBase"]
[PlyCount "80"]
[EventDate "2020.07.01"]
[EventType "swiss"]
[EventCountry "CZE"]
[SourceTitle "playchess.com"]
[Source "ChessBase"]
[SourceQuality "1"]
[TimeControl "40/5400+30:1800+30"]

1. e4 c5 2. Nf3 g6 3. c3 Bg7 4. d4 cxd4 5. cxd4 d5 6. exd5 Qxd5 7. Nc3 Qa5 8. Bc4 Nf6 9. Qe2 e6 10. O-O O-O 11. Bd2 Qd8 12. Bf4 a6 13. a4 Nc6 14. Rfd1 Nb4 15. Ne4 Nfd5 16. Bd6 Re8 17. Qd2 a5 18. Bg3 b6 19. Nd6 Rf8 20. Nb5 Ba6 21. Rac1 Rc8 22. Nd6 Ra8 23. Bxa6 Rxa6 24. Ne1 Qd7 25. Nb5 Raa8 26. Nd3 Nxd3 27. Qxd3 Rac8 28. Be5 Bh6 29. Rxc8 Rxc8 30. h3 Nb4 31. Qb3 Bf8 32. Nc3 Qe7 33. Ne4 Nd5 34. Qxd5 exd5 35. Nf6+ Qxf6 36. Bxf6 Bg7 37. Bxg7 Kxg7 38. Rd3 Rc1+ 39. Kh2 Rc2 40. Rb3 Rc6 1/2-1/2

[Event "FIDE Open Sachove Univerzity QCC"]
[Site "Ceske Budejovice"]
[Date "2020.07.09"]
[Round "9.11"]
[White "Day, Sophia Olivia"]
[Black "Postl, Frantisek"]
[Result "1-0"]
[ECO "B15"]
[WhiteElo "1099"]
[BlackElo "1188"]
[Annotator "NA"]
[PlyCount "67"]
[EventDate "2020.07.01"]
[EventType "swiss"]
[EventCountry "CZE"]
[SourceTitle "playchess.com"]
[Source "ChessBase"]
[SourceQuality "1"]
[TimeControl "40/5400+30:1800+30"]

1. e4 c6 2. d4 d5 3. Nc3 Nf6 4. Bd3 e6 5. exd5 exd5 6. Be3 Bg4 7. f3 Be6 8. Nge2 Bd6 9. O-O Nbd7 10. f4 Nf8 11. f5 Bd7 12. Bf4 Qc7 13. Qe1 O-O-O 14. Bxd6 Qxd6 15. a4 g6 16. a5 gxf5 17. Bxf5 Bxf5 18. Rxf5 Ng4 19. Nf4 Ng6 20. Qg3 Nxf4 21. Qxg4 Ne6 22. Rxf7 Rdg8 23. Qf5 Rg5 24. Qf6 Rhg8 25. Kf1 Rxg2 26. Ne2 Rxe2 27. Kxe2 Nxd4+ 28. Qxd4 Qe6+ 29. Qe3 Qxf7 30. Rf1 Rg2+ 31. Ke1 Qd7 32. Rf8+ Kc7 33. Qf4+ Qd6 34. Rf7+ 1-0

[Event "FIDE Open Sachove Univerzity QCC"]
[Site "Ceske Budejovice"]
[Date "2020.07.09"]
[Round "9.12"]
[White "Roubal, Matyas"]
[Black "Josko, Jiri"]
[Result "1-0"]
[ECO "B01"]
[WhiteElo "1443"]
[BlackElo "1649"]
[Annotator "NA"]
[PlyCount "83"]
[EventDate "2020.07.01"]
[EventType "swiss"]
[EventCountry "CZE"]
[SourceTitle "playchess.com"]
[Source "ChessBase"]
[SourceQuality "1"]
[TimeControl "40/5400+30:1800+30"]

1. e4 d5 2. exd5 Nf6 3. d4 Nxd5 4. Be2 g6 5. c4 Nf6 6. Nc3 Bg7 7. Be3 O-O 8. Nf3 c6 9. O-O Re8 10. Qd2 Bg4 11. h3 Bxf3 12. Bxf3 Nbd7 13. Rad1 e5 14. d5 e4 15. Be2 cxd5 16. Nxd5 Nxd5 17. Qxd5 Nb6 18. Qxb7 Qe7 19. Qxe7 Rxe7 20. b3 Nd7 21. Rd2 f5 22. Rfd1 Ne5 23. Rd8+ Rxd8 24. Rxd8+ Kf7 25. Ra8 Rd7 26. Rxa7 Rxa7 27. Bxa7 Nd3 28. Bxd3 exd3 29. Kf1 Bc3 30. f4 Ke6 31. Kf2 g5 32. fxg5 f4 33. Kf3 Be1 34. Bb8 Bg3 35. Ba7 Ke5 36. Bc5 Be1 37. a4 Bh4 38. a5 Bxg5 39. a6 d2 40. Ke2 Ke4 41. a7 f3+ 42. gxf3+ 1-0

[Event "FIDE Open Sachove Univerzity QCC"]
[Site "Ceske Budejovice"]
[Date "2020.07.09"]
[Round "9.13"]
[White "Garabik, Marek"]
[Black "Pokora, Lubomir"]
[Result "1-0"]
[ECO "C42"]
[WhiteElo "1363"]
[BlackElo "1800"]
[Annotator "NA RC"]
[PlyCount "93"]
[EventDate "2020.07.01"]
[EventType "swiss"]
[EventCountry "CZE"]
[SourceTitle "playchess.com"]
[Source "ChessBase"]
[SourceQuality "1"]
[TimeControl "40/5400+30:1800+30"]

1. e4 e5 2. Nf3 Nf6 3. Nxe5 d6 4. Nf3 Nxe4 5. Nc3 Nxc3 6. dxc3 Be7 7. Bd3 Nc6 8. Be3 {[%emt 0:01:16] C42: Petroff Defence: 3 Nxe5 and unusual White 3rd moves.} Be6 {[%emt 0:01:35] [#]} 9. Bb5 $146 ({Predecessor:} 9. Qe2 Qd7 10. O-O-O O-O 11. h4 Bf5 12. Nd4 Nxd4 13. Bxd4 Rfe8 14. Qf3 Bxd3 15. Rxd3 b5 {0-1 (43) Alekseenko,K (2637)-Duda,J (2738) chess.com INT 2019}) 9... a6 10. Bxc6+ bxc6 11. Nd4 Bd7 12. Qf3 d5 13. Nb3 O-O 14. O-O Qc8 15. h3 Rb8 16. Rab1 Bf5 17. Nd4 Be4 18. Nxc6 Bf6 19. Qe2 Ra8 20. f3 Bg6 21. Qf2 Re8 22. Rfe1 Qd7 23. Nd4 Qd8 24. Nb3 h5 25. Bd4 Rxe1+ 26. Rxe1 Bh4 27. g3 Be7 28. Qe2 Bf8 29. h4 Qd7 30. Kg2 Qf5 31. Qd3 Qd7 32. Qe2 c6 33. Bc5 a5 34. Bxf8 Kxf8 35. Nc5 Qd6 36. Nd3 f6 37. Nf4 Bf7 38. Qd3 Kg8 39. Kf2 Qd7 40. Re2 g5 41. hxg5 fxg5 42. Ng6 Qh3 $2 (42... Re8 $11 {and Black has nothing to worry.} 43. Re5 Kg7) 43. Ne7+ Kh8 44. Qd4+ Kh7 {[%emt 0:00:21] [#]} 45. Qf6 $1 {[%emt 0:00:24] Double Attack} Qh2+ {[%emt 0:00:00] [#]} 46. Ke1 $1 Qxg3+ {[%emt 0:00:00] [#]} 47. Kd1 1-0

[Event "FIDE Open Sachove Univerzity QCC"]
[Site "Ceske Budejovice"]
[Date "2020.07.10"]
[Round "9.15"]
[White "Matlocha, Lubomir"]
[Black "Strapec, Lukas"]
[Result "1-0"]
[ECO "B00"]
[WhiteElo "1646"]
[BlackElo "1525"]
[Annotator "NA RC"]
[PlyCount "77"]
[EventDate "2020.07.01"]
[EventType "swiss"]
[EventCountry "CZE"]
[TimeControl "40/5400+30:1800+30"]

1. d4 b6 2. e4 Bb7 3. Nc3 e6 4. a3 Nf6 5. Bd3 Be7 6. Nge2 O-O 7. O-O c5 8. e5 Nd5 9. Nxd5 Bxd5 10. c4 Bb7 11. Qc2 h6 12. Be3 cxd4 13. Bxd4 Nc6 14. Bc3 Qc7 15. Be4 Rab8 16. f4 b5 17. b4 bxc4 18. Rf3 f5 19. exf6 Bxf6 20. Rg3 Ne7 21. Bxf6 Rxf6 22. Qc3 Rf7 23. Bg6 Nxg6 24. Rxg6 Rbf8 25. Rf1 Rf6 26. Rg4 e5 27. f5 Rxf5 28. Rxf5 Rxf5 29. h3 d5 30. Ng3 d4 31. Qd2 Rf6 32. Nh5 Rd6 33. Qe2 g5 34. Qxe5 Rc6 35. Qe8+ Kh7 36. Rxd4 Bc8 37. Rd8 Qb6+ 38. Kh1 Rg6 39. Qh8# 1-0

[Event "FIDE Open Sachove Univerzity QCC"]
[Site "Ceske Budejovice"]
[Date "2020.07.09"]
[Round "9.16"]
[White "Cipera, Josef"]
[Black "Svadlenka, Michal"]
[Result "1-0"]
[ECO "D00"]
[WhiteElo "1612"]
[BlackElo "1395"]
[Annotator "NA"]
[PlyCount "74"]
[EventDate "2020.07.01"]
[EventType "swiss"]
[EventCountry "CZE"]
[SourceTitle "playchess.com"]
[Source "ChessBase"]
[SourceQuality "1"]
[TimeControl "40/5400+30:1800+30"]

1. d4 d5 2. Bf4 Nf6 3. e3 Bf5 4. Bd3 Bxd3 5. cxd3 c5 6. Nf3 Nc6 7. dxc5 Qa5+ 8. Nc3 Qxc5 9. O-O Qb6 10. Na4 Qd8 11. a3 e6 12. Qb3 b6 13. Rac1 Na5 14. Qc2 Bd6 15. b4 Bxf4 16. bxa5 Bd6 17. Qc6+ Ke7 18. axb6 axb6 19. Nxb6 Rb8 20. Na4 Qd7 21. Nd4 Rhc8 22. Qxd7+ Kxd7 23. Rxc8 Kxc8 24. g3 Bxa3 25. Ra1 Bb2 26. Nxb2 Rxb2 27. h3 Kd7 28. Nf3 Ke7 29. Ra7+ Ke8 30. Ne5 Rd2 31. Rxf7 Rxd3 32. Rxg7 Rd1+ 33. Kg2 Ne4 34. Rxh7 Rd2 35. Rf7 d4 36. exd4 Rxd4 37. Rf4 Ke7 1-0

[Event "FIDE Open Sachove Univerzity QCC"]
[Site "Ceske Budejovice"]
[Date "2020.07.10"]
[Round "9.17"]
[White "Frnoch, Vojtech"]
[Black "Janouskova, Adela"]
[Result "1/2-1/2"]
[ECO "D02"]
[WhiteElo "1597"]
[BlackElo "1377"]
[Annotator "NA RC"]
[PlyCount "73"]
[EventDate "2020.07.01"]
[EventType "swiss"]
[EventCountry "CZE"]
[TimeControl "40/5400+30:1800+30"]

1. Nf3 d5 2. d4 e6 3. Bf4 Nf6 4. e3 Be7 5. Nbd2 O-O 6. Bd3 Nbd7 7. c3 c5 8. Rc1 b6 9. O-O Bb7 10. Ne5 Nxe5 11. Bxe5 Bd6 12. f4 Rc8 13. Qf3 cxd4 14. exd4 h6 15. f5 Bxe5 16. dxe5 Nd7 17. Qf4 Nc5 18. Bc2 exf5 19. Qxf5 g6 20. Qg4 Qe7 21. Nf3 Ne4 22. Qf4 Kg7 23. Nd4 Qg5 24. Qxg5 Nxg5 25. Ba4 Rfd8 26. Rce1 a6 27. Rf6 b5 28. Bb3 Re8 29. Rb6 Rc7 30. e6 Rce7 31. Nc6 Bxc6 32. Rxc6 Rxe6 33. Rexe6 Rxe6 34. Bxd5 Rxc6 35. Bxc6 Kf6 36. a3 Ne6 37. Kf2 1/2-1/2

[Event "FIDE Open Sachove Univerzity QCC"]
[Site "Ceske Budejovice"]
[Date "2020.07.09"]
[Round "9.18"]
[White "Chmelik, Benedikt"]
[Black "Zezula, Jakub"]
[Result "1/2-1/2"]
[ECO "B01"]
[WhiteElo "1571"]
[BlackElo "1449"]
[Annotator "NA"]
[PlyCount "95"]
[EventDate "2020.07.01"]
[EventType "swiss"]
[EventCountry "CZE"]
[SourceTitle "playchess.com"]
[Source "ChessBase"]
[SourceQuality "1"]
[TimeControl "40/5400+30:1800+30"]

1. e4 d5 2. exd5 Qxd5 3. Nc3 Qd6 4. d4 Nf6 5. Nf3 c6 6. Bc4 Bg4 7. Be3 e6 8. O-O Nbd7 9. h3 Bh5 10. Be2 Be7 11. Qd2 O-O 12. Bf4 Qb4 13. a3 Qa5 14. b4 Qd8 15. Ne5 Bxe2 16. Qxe2 Nxe5 17. Bxe5 Nd5 18. Nxd5 cxd5 19. Rfc1 Bg5 20. Qg4 Bf6 21. c4 Bxe5 22. dxe5 dxc4 23. Rxc4 Qd5 24. Qd4 Rad8 25. Qxd5 exd5 26. Rc7 d4 27. Rxb7 Rfe8 28. f4 d3 29. Rd1 f6 30. Rb5 d2 31. Kf2 fxe5 32. Rxe5 Rxe5 33. fxe5 Rd3 34. a4 Rd4 35. b5 Kf7 36. Ke3 Rxa4 37. Rxd2 Ke6 38. Rd4 Ra5 39. Kf4 Rxb5 40. Rd6+ Ke7 41. Ra6 Rb7 42. g4 Rb4+ 43. Kf5 Rb7 44. h4 Kf7 45. h5 Ke7 46. g5 Rc7 47. Re6+ Kf8 48. Ra6 1/2-1/2